 Dungeon Crawl Stone Soup version 0.27-a0-1232-gc6a4cbde82 (webtiles) character file.

Game seed: 742409094310941474

114 AmberJLi the Sneak (level 4, 30/40 HPs)
             Began as a Deep Dwarf Delver on June 8, 2021.
             Quit the game on level 5 of the Dungeon.
             The game lasted 00:01:08 (137 turns).

AmberJLi the Sneak (Deep Dwarf Delver)               Turns: 137, Time: 00:01:09

Health: 30/40      AC:  3    Str: 17    XL:     4   Next: 67%
Magic:  4/4        EV: 12    Int: 10    God:
Gold:   0          SH:  0    Dex: 14    Spells: 3/3 levels left

rFire    . . .     SeeInvis .   a - +0 hand axe
rCold    . . .     Faith    .   (no shield)
rNeg     . . .     Spirit   .   b - +0 leather armour
rPois    .         Reflect  .   (no helmet)
rElec    .         Harm     .   (no cloak)
rCorr    .         Rampage  .   (no gloves)
Will     .....                  (no boots)
Stlth    +++.......             (no amulet)
HPRegen  0.00/turn              (no ring)
MPRegen  0.09/turn              (no ring)

@: no status effects
A: damage resistance, heal wounds, sense surroundings 1, no regeneration
a: Heal Wounds


You were on level 5 of the Dungeon.
You visited 1 branch of the dungeon, and saw 1 of its levels.

Inventory:

Hand Weapons
 a - a +0 hand axe (weapon)
Armour
 b - a +0 leather armour (worn)
Wands
 g - a wand of digging (3)
Scrolls
 c - 2 scrolls of fog {!r}
 e - a scroll of fear {!r}
Potions
 f - a potion of haste {!q}


   Skills:
 - Level 2.6 Fighting
 + Level 5.5 Axes
 - Level 2.1 Dodging
 - Level 6.0 Stealth


You had 3 spell levels left.
You didn't know any spells.
Your spell library was empty.

Dungeon Overview and Level Annotations

Branches:
Dungeon (5/15)             Temple (0/1) D:5

Altars:
Fedhas
Vehumet


Innate Abilities, Weirdness & Mutations

You are resistant to damage.
You can heal yourself by infusing magical energy.
You passively map a small area around you.
You do not regenerate.


Message History

The kobold throws a stone.
The stone hits you but does no damage.
You closely miss the kobold. The kobold closely misses you.
You hit the kobold.
The kobold is moderately wounded.
The kobold hits you but does no damage.
You barely miss the kobold.
The kobold is moderately wounded.
The kobold barely misses you.
You closely miss the kobold.
The kobold is moderately wounded.
The kobold hits you with a +0 short sword.
* * * LOW HITPOINT WARNING * * *
You barely miss the kobold. The kobold barely misses you.
Unknown command.
You hit the kobold.
The kobold is moderately wounded.
The kobold barely misses you.
Unknown command.
You barely miss the kobold.
The kobold is moderately wounded.
The kobold closely misses you.
Unknown command.
You barely miss the kobold.
The kobold is moderately wounded.
The kobold hits you but does no damage.
Unknown command.
You hit the kobold.
You kill the kobold!
Unknown command.
You hit the kobold.
The kobold is severely wounded.
The kobold hits you with a +0 dagger.
Unknown command.
You hit the kobold.
You kill the kobold!
Items here: ( ))) †.
Unknown command.
Found a blossoming altar of Fedhas.
Found a stone staircase leading down.
Are you sure you want to abandon this character and quit the game? (Confirm with "yes".)

,,,,*,*,******* *,,,,,,,,,*
,,,,*,*,,,,,,,* *,,,,,,,,,***
,,,,*,******#,* ****,,,,,,,,,
,,,,*,,,,,* #.* ****,,,,,,
,,,,*****,* #.###### *,,,,,,
,,,,* **.###......#####***,,,,,,
,,,,****,...............,,,,,,,,,
,,,,,,,,,>..#...........,,,>,,,,,
,,,,,,,,,.......@..#######*,,,,**
,,,,,,,,,.PPP.P...........,,,,,*
,,,,,,,,,,P.P.P....######**,*,**
,,,,,,,,*,,P_PP##.......#,,,*,*
,,,,****,,,P,P.,#.......###.*,*
,,,,****,,,,,..,#...........*,*
,,,,**,,,,,,..,,##.........#*,*
,,,,**,,,,,.#.,,#...........,,*
,,,,**,,,,,,,,,,#)####.....#***


There were no monsters in sight!

Vanquished Creatures
  A kobold brigand (D:5)
  A water moccasin zombie (D:5)
  5 kobolds (D:5)
7 creatures vanquished.

Notes
Turn   | Place    | Note
-------+----------+-------------------------------------------
     0 | D:5      | AmberJLi the Deep Dwarf Delver began the quest for the Orb.
     0 | D:5      | Reached XP level 1. HP: 20/20 MP: 1/1
    15 | D:5      | Found a radiant altar of Vehumet.
    61 | D:5      | Noticed a water moccasin zombie
    76 | D:5      | Killed a water moccasin zombie
    77 | D:5      | Reached XP level 2. HP: 27/27 MP: 2/2
    77 | D:5      | Reached XP level 3. HP: 33/33 MP: 3/3
    84 | D:5      | Noticed a kobold brigand
   111 | D:5      | Killed a kobold brigand
   112 | D:5      | Reached skill level 5 in Axes
   112 | D:5      | Reached XP level 4. HP: 33/40 MP: 4/4
   134 | D:5      | Found a blossoming altar of Fedhas.
   137 | D:5      | Quit the game

Illustrated notes

Levels and vault maps discovered:
D:5:      lemuel_ice_spiral_2, layout_basic, fedhas_bush_and_centaur_altar,
          fiery_altar_vehumet, temple_hall

Skill      XL: |  1  2  3 |
---------------+----------+-----
Axes           | 4 5 |  5.5
Fighting       | |  2.6
Dodging        | |  2.1
Stealth        | |  6.0

Action                   |  1- 3 |  4- 6 || total
-------------------------+-------+-------++-------
Melee: Hand axe          |    26 |    15 ||    41
 Abil: Heal Wounds       |     2 |       ||     2
  Use: Scroll            |     1 |       ||     1
Armor: Leather armour    |     2 |     4 ||     6
Dodge: Dodged            |    19 |     6 ||    25

Table legend: (Time is in decaauts)
 A = Elapsed time spent in this place.
 B = Non-inter-level travel time spent in this place.
 C = Inter-level travel time spent in this place.
 D = Time resting spent in this place.
 E = Time spent auto-exploring this place.
 F = Levels seen in this place.
 G = Mean time per level.
                   A        B        C        D        E       F      G
               +--------+--------+--------+--------+--------+-----+--------+
         Total |    140 |    140 |      0 |      0 |      0 |   1 |  140.0 |
       Dungeon |    140 |    140 |      0 |      0 |      0 |   1 |  140.0 |
               +--------+--------+--------+--------+--------+-----+--------+

Top non-repeatable levels by time:
     D:5: 140 daAuts
